 Dungeon Crawl Stone Soup version 0.30.1-4-g462c640d31 (webtiles) character file.

Game seed: 992456033320854357

266519 leafyfresh the Peltast (level 20, -13/226 HPs)
             Began as a Gnoll Delver on Aug 10, 2023.
             Was a High Priest of Ashenzari.
             Killed from afar by a hellephant (130 damage)
             ... with a blast of flame
             ... on level 3 of the Abyss on Aug 11, 2023.
             The game lasted 03:20:36 (53412 turns).

leafyfresh the Peltast (Gnoll Delver)              Turns: 53412, Time: 03:20:36

Health: -13/226    AC: 34    Str: 17    XL:     20   Next: 10%
Magic:  25/33      EV: 27    Int: 16    God:    Ashenzari [*****.]
Gold:   2224       SH:  9    Dex: 17    Spells: 3/55 levels left

rFire   x . .        k - +8 war axe "Impslayer" {heavy, rC+ rN+ rCorr MP-9}
rCold   + + .        i - +0 buckler of the Cryptic Servitude {AC+3, Alch, Self} (curse)
rNeg    + + .        l - melded +1 robe of Ashenzari's Sophism {Archmagi, Melee, Alch} (curse)
rPois   ∞            Q - +0 hat of Desmomancy {Elem, Cun} (curse)
rElec   +            A - +1 cloak "Ensconced Discomfort" {Self, Evo} (curse)
rCorr   +            R - melded +0 pair of gloves "Oracle of Ashenzari" {Melee, Range} (curse)
SInv    +            o - melded +0 pair of boots of Ashenzari's Dogma {Self, Comp} (curse)
Will    .....        J - amulet of the Tethered Anxiety {Regen+, Range, Elem} (curse)
Stlth   +++++++      m - ring of Ashenzari's Vision {rC+ Will- Str+6, Elem, Range} (curse)
HPRegen 1.37/turn    F - ring "Behold Eternity" {EV+5, Self, Range} (curse)
MPRegen 0.23/turn

%: clarity
@: statue-form, liquefying, studying Shields, slowed movement, very slow
A: slow and powerful, torment resistance 1, boosted hp, fangs 1, strong nose,
distributed training, (iridescent scales 2), heat vulnerability 1
}: 2/15 runes: barnacled, gossamer
a: End Transformation, Renounce Religion, Curse Item, Shatter the Chains


You were on level 3 of the Abyss.
You worshipped Ashenzari.
Ashenzari was extremely pleased with you.
You were a living statue of rough stone.
You visited 8 branches of the dungeon, and saw 34 of its levels.
You visited the Abyss 3 times.
You visited 2 bazaars.
You also visited: Bailey and Ice Cave.

You collected 3001 gold pieces.
You spent 777 gold pieces at shops.

Inventory:

Hand Weapons
 k - the +8 war axe "Impslayer" (weapon) {heavy, rC+ rN+ rCorr MP-9}
   (You bought it in a shop in a bazaar)

   rC:        It protects you from cold.
   rN:        It protects you from negative energy.
   MP:        It affects your magic capacity (-9).
   rCorr:     It protects you from acid and corrosion.
 p - the +8 frozen axe "Frostbite" {freeze, freezing cloud, *Noise Fly rC+}
   (You found it in an ice cave)

   rC:        It protects you from cold.
   Fly:       It grants you flight.
   *Noise:    It may make noises in combat.
 t - the +7 arbalest of Zalufuam {flame, rElec rC+ Will++ Dex-2}
   (You found it on level 12 of the Dungeon)

   Dex:       It affects your dexterity (-2).
   rC:        It protects you from cold.
   rElec:     It insulates you from electricity.
   Will:      It greatly increases your willpower.
 B - the +6 flail of Tartarus {elec, rF+ Str+3 Stlth+}
   (You found it on level 4 of the Spider Nest)

   Str:       It affects your strength (+3).
   rF:        It protects you from fire.
   Stlth:     It makes you more stealthy.
 H - the +10 sling "Satzeyc" {freeze, Dex+2}
   (You bought it in a shop on level 4 of the Dungeon)

   Dex:       It affects your dexterity (+2).
 U - the +7 flail "Liat Qent" {speed, rC+++}
   (You found it on level 9 of the Dungeon)

   rC:        It renders you almost immune to cold.
Missiles
 d - 3 throwing nets
Armour
 i - the cursed +0 buckler of the Cryptic Servitude (worn) {AC+3, Alch, Self}
   (You bought it in a shop on level 2 of the Orcish Mines)

   It has a curse which improves the following skills: Alchemy: Poison Magic and
   Transmutations.
   Introspection: Fighting and Spellcasting.
 l - the cursed +1 robe of Ashenzari's Sophism (melded) {Archmagi, Melee, Alch}
   (You took it off an orc wizard on level 2 of the Orcish Mines)

   It has a curse which improves the following skills: Melee Combat: Short
   Blades, Long Blades, Axes, Maces & Flails, Polearms, Staves and Unarmed
   Combat.
   Alchemy:   Poison Magic and Transmutations.
 o - the cursed +0 pair of boots of Ashenzari's Dogma (melded) {Self, Comp}
   (You found it on level 4 of the Dungeon)

   It has a curse which improves the following skills: Introspection: Fighting
   and Spellcasting.
   Companions: Summonings and Necromancy.
 r - a +2 buckler of reflection
 y - a +1 pair of boots of rampaging
 z - a +1 pair of gloves of dexterity
 A - the cursed +1 cloak "Ensconced Discomfort" (worn) {Self, Evo}
   (You found it on level 1 of the Dungeon)

   It has a curse which improves the following skills: Introspection: Fighting
   and Spellcasting.
   Evocations: Evocations.
 K - a +1 cloak of preservation
 L - a scarf of resistance
 M - a +2 cloak of poison resistance
 O - a +1 kite shield of fire resistance
 Q - the cursed +0 hat of Desmomancy (worn) {Elem, Cun}
   (You found it on level 4 of the Spider Nest)

   It has a curse which improves the following skills: Elements: Fire Magic, Ice
   Magic, Air Magic and Earth Magic.
   Cunning:   Dodging and Stealth.
 R - the cursed +0 pair of gloves "Oracle of Ashenzari" (melded) {Melee, Range}
   (You found it on level 13 of the Dungeon)

   It has a curse which improves the following skills: Melee Combat: Short
   Blades, Long Blades, Axes, Maces & Flails, Polearms, Staves and Unarmed
   Combat.
   Ranged Combat: Ranged Weapons and Throwing.
 X - the +1 tower shield "Turolu" {rElec rCorr Dex-5 Slay+4}
   (You found it in a bailey)

   Dex:       It affects your dexterity (-5).
   Slay:      It affects your accuracy & damage with ranged weapons and melee
   (+4).
   rElec:     It insulates you from electricity.
   rCorr:     It protects you from acid and corrosion.
Jewellery
 a - an amulet of reflection
 m - the cursed ring of Ashenzari's Vision (left fist) {rC+ Will- Str+6, Elem, Range}
   (You found it on level 4 of the Dungeon)

   [ring of protection from cold]

   Str:       It affects your strength (+6).
   rC:        It protects you from cold.
   Will:      It decreases your willpower.
   It has a curse which improves the following skills: Elements: Fire Magic, Ice
   Magic, Air Magic and Earth Magic.
   Ranged Combat: Ranged Weapons and Throwing.
 v - a +6 ring of intelligence
 C - a +6 ring of dexterity
 E - a +6 ring of strength
 F - the cursed ring "Behold Eternity" (right fist) {EV+5, Self, Range}
   (You found it on level 4 of the Dungeon)

   [ring of evasion]

   EV:        It affects your evasion (+5).
   It has a curse which improves the following skills: Introspection: Fighting
   and Spellcasting.
   Ranged Combat: Ranged Weapons and Throwing.
 J - the cursed amulet of the Tethered Anxiety (around neck) {Regen+, Range, Elem}
   (You bought it in a shop on level 4 of the Dungeon)

   [amulet of regeneration]

   Regen:     It increases your rate of health regeneration.
   It has a curse which improves the following skills: Ranged Combat: Ranged
   Weapons and Throwing.
   Elements:  Fire Magic, Ice Magic, Air Magic and Earth Magic.
 V - a ring of willpower
 Y - an amulet of the acrobat
Wands
 g - a wand of digging (5)
 P - a wand of acid (4)
Scrolls
 b - 6 scrolls of enchant armour
 c - 9 scrolls of fog
 e - 7 scrolls of fear
 w - 3 scrolls of amnesia
 D - 5 scrolls of enchant weapon
 I - 7 scrolls of teleportation
 N - a scroll of blinking
 W - 3 scrolls of silence
Potions
 f - 4 potions of haste
 h - a potion of resistance
 j - 4 potions of brilliance
 n - 18 potions of ambrosia
 s - 2 potions of flight
 u - 8 potions of cancellation
 x - 5 potions of magic
 G - 6 potions of mutation
 S - 2 potions of heal wounds
 T - 5 potions of might
 Z - a potion of curing
Miscellaneous
 q - a tin of tremorstones (2/2)


   Skills:
 + Level 15.3(19.3) Fighting
 + Level 14.6 Short Blades
 + Level 14.0 Long Blades
 + Level 14.0 Axes
 + Level 14.0 Maces & Flails
 + Level 14.0 Polearms
 + Level 14.0 Staves
 + Level 14.0(18.1) Ranged Weapons
 + Level 14.0(18.1) Throwing
 + Level 14.0 Armour
 + Level 14.6(16.7) Dodging
 + Level 16.6(18.6) Stealth
 + Level 17.0 Shields
 + Level 14.0 Unarmed Combat
 + Level 14.0(18.1) Spellcasting
 + Level 11.8 Conjurations
 + Level 11.8 Hexes
 + Level 11.8 Summonings
 + Level 11.8 Necromancy
 + Level 11.8 Translocations
 + Level 11.8(13.9) Transmutations
 + Level 11.8(16.0) Fire Magic
 + Level 11.8(16.0) Ice Magic
 + Level 11.8(16.0) Air Magic
 + Level 11.8(16.0) Earth Magic
 + Level 11.8(13.9) Poison Magic
 + Level 15.1 Invocations
 + Level 14.0(16.0) Evocations


You had 3 spell levels left.
You knew the following spells:

 Your Spells              Type           Power      Damage    Failure   Level
a - Teleport Other        Tloc           51%        N/A       1%          3
b - Hailstorm             Conj/Ice       56%        3d12      1%          3
c - Gell's Gravitas       Tloc           51%        N/A       1%          3
d - Swiftness             Air            60%        N/A       1%          3
e - Vhi's Electric Charg  Tloc/Air       100%       N/A       1%          3
f - Ignition              Fire           30%        3d10      38%         8
g - Airstrike             Air            30%        2d(5-21)  1%          4
h - Fireball              Conj/Fire      28%        3d12      1%          5
i - Statue Form           Tmut/Erth      38%        N/A       1%          6
j - Dispersal             Tloc           25%        N/A       4%          6
k - Leda's Liquefaction   Hex/Erth       28%        N/A       1%          4
l - Passage of Golubria   Tloc           51%        N/A       1%          4

Your spell library contained the following spells:

 Spells                   Type           Power      Damage    Failure   Level
 Foxfire                  Conj/Fire      100%       2x1d9     0%          1
 Shock                    Conj/Air       100%       1d9       0%          1
 Magic Dart               Conj           100%       1d8       1%          1
 Necrotise                Necr           100%       1d9       1%          1
 Cigotuvi's Dreadful Rot  Necr/Pois/Air  100%       N/A       1%          2
 Momentum Strike          Conj/Tloc      100%       3d10      1%          2
 Searing Ray              Conj           100%       2d8       1%          2
 Ignite Poison            Fire/Tmut/Pois 57%        N/A       1%          3
 Stone Arrow              Conj/Erth      100%       3d13      1%          3
 Tukima's Dance           Hex            51%        N/A       1%          3
 Vampiric Draining        Necr           51%        2d9       1%          3
 Animate Armour           Summ/Erth      100%       N/A       1%          4
 Fulminant Prism          Conj/Hex       25%        3d14      1%          4
 Ice Form                 Ice/Tmut       58%        N/A       1%          4
 Petrify                  Tmut/Erth      58%        N/A       1%          4
 Sticky Flame             Conj/Fire      56%        2d7       1%          4
 Agony                    Necr           51%        N/A       1%          5
 Arcjolt                  Conj/Air       28%        1d38      1%          5
 Borgnjor's Vile Clutch   Necr/Erth      28%        N/A       1%          5
 Freezing Cloud           Conj/Ice/Air   28%        6-21      1%          5
 Lee's Rapid Deconstruct  Erth           30%        3d16*     1%          5
 Summon Forest            Summ/Tloc      25%        N/A       1%          5
 Summon Mana Viper        Hex/Summ       51%        N/A       1%          5
 Yara's Violent Unravell  Hex/Tmut       27%        3d12      1%          5
 Plasma Beam              Fire/Air       30%        2x1d47    1%          6
 Conjure Ball Lightning   Conj/Air       28%        3x3d8     2%          6
 Simulacrum               Ice/Necr       28%        N/A       2%          6
 Starburst                Conj/Fire      28%        6d9       2%          6
 Summon Cactus Giant      Summ           25%        N/A       4%          6
 Maxwell's Capacitive Co  Air            30%        ∞         38%         8
 Lehudib's Crystal Spear  Conj/Erth      28%        10d7      67%         8
 Borgnjor's Revivificati  Necr           25%        N/A       91%         8
 Summon Horrible Things   Summ           25%        N/A       91%         8


Dungeon Overview and Level Annotations

Branches:
Dungeon (14/15)            Temple (1/1) D:6            Lair (5/5) D:9
 Shoals (4/4) Lair:3       Spider (4/4) Lair:2        Slime (1/5) Lair:4
    Orc (2/2) D:12            Elf (3/3) Orc:2        Bailey (visited)
  IceCv (visited)
 Vaults: D:13-14

Altars:
Ashenzari
Cheibriados
Dithmenos
Elyvilon
Fedhas
Gozag
Hepliaklqana
Kikubaaqudgha
Makhleb
Nemelex Xobeh
Okawaru
Ru
Sif Muna
Trog
Uskayaw
Vehumet
Wu Jian
Xom
Yredelemnul
Zin
The Shining One
Jiyva

Shops:
D:4 (*[[   D:6 *   Orc:1 *   Orc:2 *(!:(![((   Elf:1 (   Shoals:3 :

Portals:
Hell: Lair:5

Annotations:
D:4 3 runed translucent doors, leafyfresh's ghost, amateur GnDe
D:8 Gastronok
Shoals:4 Kirke


Innate Abilities, Weirdness & Mutations

You are a living statue of rough stone.
Your actions are slow, but your melee attacks are powerful.
You are resistant to unholy torment.
Your maximum health is greatly increased.
You are immune to poison.
Your equipment is partially melded.
You have very sharp teeth.
Your uncanny sense of smell can sniff out nearby items.
Your experience applies equally to all skills.
((You are mostly covered in iridescent scales. (AC +4)))
You are vulnerable to heat. (rF-)


Message History

Casting: Statue Form (mildly dangerous; 1% risk of failure)
Confirm with . or Enter, or press ? or * to list all spells.
The ground around you becomes liquefied!
Unknown command.
You chop the hellephant into pieces!!!
The hellephant is moderately wounded.
You hear a bellow!
The hellephant becomes momentarily stuck in the liquid earth. x2
The hellephant gores you but does no damage.
The hellephant tramples you!
You hold your ground!
The hellephant becomes momentarily stuck in the liquid earth.
The hellephant gores you but does no damage.
You slash the hellephant!
You bite the hellephant, but do no damage.
The hellephant is moderately wounded.
The hellephant closely misses you. The hellephant bites you.
The hellephant misses you.
The tormentor calls on the powers of darkness!
Your body is wracked with pain!
The hellephant tramples you but does no damage.
The hellephant bites you but does no damage.
You block the hellephant's attack.
The tormentor calls on the powers of darkness!
Your body is wracked with pain!
You cut the hellephant into ribbons!!!
The hellephant is heavily wounded.
The tormentor calls on the powers of darkness!
Your body is wracked with pain!
The hellephant becomes momentarily stuck in the liquid earth.
The hellephant closely misses you. The hellephant completely misses you.
The hellephant becomes momentarily stuck in the liquid earth. x2
The hellephant misses you.
A ynoxinul comes into view.
You carve the hellephant like a ham!!! Your bite misses the hellephant.
The hellephant is severely wounded.
You hear a chilling moan.
The hellephant breathes flames at you. The blast of flame hits you!!!!
The fire burns you terribly!
Ouch! That really hurt!
You die...

* ,~ , , ~* *Y≈≈~≈#
##.*.# * ~~, *~ * ..~
~,# ≈~#..,*#. , ,, ,*
.##*~~*#.##.# ##. ,*
** ,* ## ..##* ##.
.~..# #* , , *
,{#......, #..#~*#..
, *,* ,* ,...#_.,
#.#,**#*..X§ * ,* ,,
,.....#,,##....##.'..
, , ,* ,*# .#.#*
#.###... # #§ * ,,
.Y#8####. ...### # ,*
* **#.#Y#......#.#, *
,, , #####
#2#.#....##.. ,* , *
#..,..3## .###.# # *
* ,,
..,..#...##.#,###,#.#
,,,*,#2.....#...##*
**,#.,, , ,* *
,.#....##..#.# * .*.
,* ** **##.#. #.#§##*
*,* .# , *
###.......#*, * *, *,


You could see a hellephant (catching breath, struggling), a tormentor
(struggling) and a ynoxinul.

Vanquished Creatures
  Arachne (Spider:3)
  2 Ice Fiends (IceCv)
  Jorgrun (Shoals:2)
  2 deep elf blademasters
  A sphinx (D:12)
  Roxanne (Elf:1)
  2 storm dragons
  Donald (Elf:1)
  Aizul (Spider:3)
  A frost giant (D:12)
  3 deep elf sorcerers
  3 emperor scorpions
  2 orc warlords
  3 ghost moths
  6 broodmothers
  2 deep elf demonologists
  Azrael (Elf:1)
  2 deep elf annihilators (Elf:3)
  The ghost of suzumiya the Bludgeoner, a journeyman MiFi of Gozag (D:11)
  4 spark wasps
  4 merfolk javelineers (Shoals:4)
  An ettin (D:12)
  A deep elf death mage (Elf:1)
  2 entropy weavers (Spider:4)
  11 merfolk impalers
  A great orb of eyes (Slime:1)
  4 caustic shrike simulacra (IceCv)
  An alligator snapping turtle (Shoals:4)
  5 boulder beetles
  4 centaur warriors
  An anaconda (Lair:3)
  8 hydras
  3 radroaches (Spider:3)
  5 merfolk aquamancers
  The ghost of mrw3rdna the Geomancer, a novice GrEE (Orc:1)
  3 deep troll earth magi (D:12)
  An orc high priest (Orc:1)
  2 tengu warriors
  2 death yaks (Lair:3)
  26 dancing weapons
  20 deep elf knights
  5 skysharks
  10 pharaoh ants
  A sixfirhy (Lair:5)
  3 skeletal warriors (D:12)
  13 orb spiders
  6 sea snakes
  An obsidian statue (IceCv)
  A bog body (IceCv)
  2 spriggan simulacra (IceCv)
  15 deep elf archers
  A wizard (Lair:5)
  2 nameless horrors (Elf:1)
  35 deep elf pyromancers
  8 harpies
  9 steelbarb worms
  9 orc knights
  21 deep elf zephyrmancers
  4 orc sorcerers
  5 cyclopes
  5 fauns
  A moth of wrath (Spider:4)
  30 wolf spiders
  9 manticores
  8 water nymphs
  7 merfolk sirens
  9 black mambas
  6 elephants
  Maurice (D:8)
  9 torpor snails
  20 cane toads
  6 demonic crawlers
  A gargoyle (D:10)
  2 orange demons (Lair:5)
  A cane toad (shapeshifter) (Elf:2)
  A smoke demon (Lair:5)
  3 ice devils
  Psyche (D:8)
  2 golden dragon simulacra (IceCv)
  3 unseen horrors
  A tengu conjurer (Shoals:2)
  7 freezing wraiths
  4 rime drakes
  11 komodo dragons
  A meliai (shapeshifter) (D:12)
  An ancient zyme (Abyss:3)
  3 polar bears
  A queen bee (D:13)
  12 wind drakes
  A red devil (Lair:5)
  9 meliai
  29 merfolk
  A tarantella (shapeshifter) (Elf:1)
  33 tarantellas
  6 trolls
  11 blink frogs
  6 snapping turtles
  A hornet (D:10)
  34 jumping spiders
  4 slime creatures (D:13)
  A shadow (D:9)
  3 dream sheep
  3 spriggans (D:11)
  37 culicivoras
  2 vampires (D:11)
  8 air elementals (Shoals:4)
  3 wraiths
  3 wyverns
  4 basilisks
  19 water elementals
  A dire elephant simulacrum (IceCv)
  Eustachio (D:4)
  4 fire elementals
  3 hogs (Shoals:4)
  52 yaks
  36 redbacks
  3 vampire mosquitoes (D:11)
  5 wargs
  Edmund (D:6)
  4 hydra simulacra (IceCv)
  Menkaure (D:4)
  An acid dragon (D:7)
  20 water moccasins
  7 hell hounds
  50 orc warriors
  An ettin simulacrum (IceCv)
  Duvessa (D:6)
  An ice beast (D:5)
  A sky beast (D:8)
  6 ogres
  4 boggarts (D:10)
  7 wolves
  6 centaurs
  3 kobold brigands (D:12)
  11 bullfrogs
  An earth elemental (Elf:1)
  A deep troll simulacrum (IceCv)
  4 scorpions
  4 gnoll sergeants
  Dowan (D:6)
  9 wights
  23 killer bees
  6 howler monkeys
  2 electric eels
  A small abomination (Abyss:3)
  4 hounds
  26 orc priests
  2 jellies
  A gnoll bouda (D:9)
  Jessica (D:3)
  A sleepcap (D:5)
  2 iguanas
  Natasha (thrice) (D:2)
  25 orc wizards
  4 hell rats (Lair:4)
  23 gnolls
  5 adders
  2 white imps
  An ufetubus (D:4)
  4 worms
  5 dart slugs
  118 orcs
  9 endoplasms
  5 giant cockroaches
  8 hobgoblins
  4 jackals (D:2)
  4 quokkas
  14 ball pythons
  A bat (D:1)
  6 frilled lizards
  9 goblins
  4 kobolds
  6 rats
1260 creatures vanquished.

Vanquished Creatures (collateral kills)
  A dancing weapon (Elf:2)
  A deep elf knight (Elf:2)
  2 deep elf zephyrmancers (Elf:2)
  A deep elf pyromancer (Elf:1)
  A wolf spider (Spider:4)
6 creatures vanquished.

Vanquished Creatures (others)
  A merfolk impaler (Shoals:2)
  A dancing weapon (Elf:2)
  2 deep elf knights
  A deep elf pyromancer (Elf:1)
  A wind drake (Shoals:4)
  A tarantella (Spider:3)
  A hell rat (Lair:3)
  An orc (Orc:1)
9 creatures vanquished.

Grand Total: 1275 creatures vanquished

Notes
Turn   | Place    | Note
-------+----------+-------------------------------------------
     0 | D:5      | leafyfresh the Gnoll Delver began the quest for the Orb.
     0 | D:5      | Reached XP level 1. HP: 23/23 MP: 1/1
    84 | D:5      | Noticed an ice beast
   184 | D:4      | Noticed a hound
   191 | D:4      | Killed a hound
   192 | D:4      | Reached skill level 1 in Invocations
   192 | D:4      | Reached XP level 2. HP: 29/29 MP: 1/3
   192 | D:4      | Reached XP level 3. HP: 35/35 MP: 1/4
   228 | D:4      | Noticed Eustachio
   235 | D:4      | Killed Eustachio
   236 | D:4      | Reached skill level 1 in Long Blades
   236 | D:4      | Reached skill level 1 in Axes
   236 | D:4      | Reached skill level 1 in Maces & Flails
   236 | D:4      | Reached skill level 1 in Polearms
   236 | D:4      | Reached skill level 1 in Staves
   236 | D:4      | Reached skill level 1 in Ranged Weapons
   236 | D:4      | Reached skill level 1 in Throwing
   236 | D:4      | Reached skill level 1 in Armour
   236 | D:4      | Reached skill level 1 in Shields
   236 | D:4      | Reached skill level 1 in Unarmed Combat
   236 | D:4      | Reached skill level 1 in Spellcasting
   236 | D:4      | Reached skill level 1 in Conjurations
   236 | D:4      | Reached skill level 1 in Hexes
   236 | D:4      | Reached skill level 1 in Summonings
   236 | D:4      | Reached skill level 1 in Necromancy
   236 | D:4      | Reached skill level 1 in Translocations
   236 | D:4      | Reached skill level 1 in Transmutations
   236 | D:4      | Reached skill level 1 in Fire Magic
   236 | D:4      | Reached skill level 1 in Ice Magic
   236 | D:4      | Reached skill level 1 in Air Magic
   236 | D:4      | Reached skill level 1 in Earth Magic
   236 | D:4      | Reached skill level 1 in Poison Magic
   236 | D:4      | Reached skill level 1 in Evocations
   236 | D:4      | Reached XP level 4. HP: 41/41 MP: 4/6
   236 | D:4      | Reached XP level 5. HP: 47/47 MP: 4/7
   237 | D:4      | Identified the ring "Ronalo" {rC+ Will- Str+6}
   327 | D:4      | Found Xeadosis's Armour Emporium.
   400 | D:4      | Found Ymarer's Antique Armour Shop.
   457 | D:4      | Found a shimmering blue altar of Sif Muna.
   478 | D:4      | Noticed Menkaure
   534 | D:3      | Found a sacrificial altar of Ru.
   574 | D:3      | Found a faded altar of an unknown god.
   574 | D:3      | Found a bloodstained altar of Trog.
   608 | D:3      | Found a hazy altar of Hepliaklqana.
   610 | D:3      | Found a faded altar of an unknown god.
   612 | D:3      | Found a blossoming altar of Fedhas.
   651 | D:3      | Noticed Jessica
   657 | D:3      | Killed Jessica
   658 | D:3      | Reached XP level 6. HP: 23/53 MP: 8/8
   982 | D:3      | Reached skill level 5 in Short Blades
   982 | D:3      | Reached skill level 5 in Dodging
  1070 | D:3      | Reached skill level 2 in Shields
  1156 | D:3      | Found an opulent altar of Gozag.
  1563 | D:2      | Found a blossoming altar of Fedhas.
  1607 | D:2      | Noticed Natasha
  1621 | D:2      | Killed Natasha
  1902 | D:2      | Noticed Natasha
  1904 | D:2      | Killed Natasha
  2430 | D:2      | Noticed Natasha
  2448 | D:2      | Killed Natasha
  3110 | D:1      | Learned a level 3 spell: Teleport Other
  3209 | D:4      | Reached XP level 7. HP: 60/60 MP: 10/10
  3592 | D:4      | Found Xioneime's Antique Weapon Boutique.
  3932 | D:4      | Found a runed translucent gate.
  3932 | D:4      | Found a runed translucent gate.
  3951 | D:4      | Bought a slimy sling for 117 gold pieces
  3951 | D:4      | Identified the +10 sling "Satzeyc" {freeze, Dex+2} (You
                  | bought it in a shop on level 4 of the Dungeon)
  4011 | D:4      | Found a white marble altar of Elyvilon.
  4210 | D:4      | Found a runed translucent gate.
  4216 | D:4      | Noticed leafyfresh's ghost (amateur GnDe)
  4301 | D:4      | Killed Menkaure
  4302 | D:4      | Reached skill level 10 in Stealth
  4354 | D:4      | Found Himpe Ceom's Assorted Antiques.
  4357 | D:4      | Bought a thick silver amulet for 110 gold pieces
  4709 | D:6      | Reached skill level 3 in Shields
  4709 | D:6      | Reached XP level 8. HP: 61/67 MP: 12/12
  4746 | D:6      | Noticed Edmund
  4752 | D:6      | Killed Edmund
  4819 | D:6      | Found Tuuxzul's Assorted Antiques.
  4921 | D:6      | Noticed Duvessa
  4921 | D:6      | Noticed Dowan
  4928 | D:6      | Killed Duvessa
  4936 | D:6      | Killed Dowan
  5093 | D:6      | Found a staircase to the Ecumenical Temple.
  5111 | Temple   | Entered the Ecumenical Temple
  5177 | Temple   | Became a worshipper of Ashenzari the Shackled
  5713 | D:5      | Reached skill level 4 in Shields
  5713 | D:5      | Reached XP level 9. HP: 54/73 MP: 13/15
  5822 | D:5      | Found a glowing silver altar of Zin.
  6139 | D:6      | Learned a level 3 spell: Hailstorm
  6923 | D:7      | Learned a level 3 spell: Gell's Gravitas
  6985 | D:8      | Noticed Gastronok
  7161 | D:8      | Killed an unseen horror
  7162 | D:8      | Reached skill level 5 in Invocations
  7322 | D:8      | Noticed Psyche
  7327 | D:8      | Killed Psyche
  7460 | D:8      | Noticed Maurice
  7998 | D:8      | Killed Maurice
  7999 | D:8      | Reached skill level 5 in Long Blades
  7999 | D:8      | Reached skill level 5 in Axes
  7999 | D:8      | Reached skill level 5 in Maces & Flails
  7999 | D:8      | Reached skill level 5 in Polearms
  7999 | D:8      | Reached skill level 5 in Staves
  7999 | D:8      | Reached skill level 5 in Ranged Weapons
  7999 | D:8      | Reached skill level 5 in Throwing
  7999 | D:8      | Reached skill level 5 in Armour
  7999 | D:8      | Reached skill level 5 in Shields
  7999 | D:8      | Reached skill level 5 in Unarmed Combat
  7999 | D:8      | Reached skill level 5 in Spellcasting
  7999 | D:8      | Reached skill level 5 in Evocations
  7999 | D:8      | Reached XP level 10. HP: 82/82 MP: 17/17
  8587 | D:8      | Learned a level 3 spell: Swiftness
  9048 | D:9      | Found a staircase to the Lair.
  9177 | D:9      | Identified the +7 flail "Liat Qent" {speed, rC+++}
  9575 | D:10     | Entered Level 10 of the Dungeon
  9603 | D:10     | Found a flagged portal.
  9611 | Bailey   | Entered a bailey
  9735 | Bailey   | Reached skill level 6 in Shields
  9744 | Bailey   | Reached skill level 5 in Conjurations
  9744 | Bailey   | Reached skill level 5 in Hexes
  9744 | Bailey   | Reached skill level 5 in Summonings
  9744 | Bailey   | Reached skill level 5 in Necromancy
  9744 | Bailey   | Reached skill level 5 in Translocations
  9744 | Bailey   | Reached skill level 5 in Transmutations
  9744 | Bailey   | Reached skill level 5 in Fire Magic
  9744 | Bailey   | Reached skill level 5 in Ice Magic
  9744 | Bailey   | Reached skill level 5 in Air Magic
  9744 | Bailey   | Reached skill level 5 in Earth Magic
  9744 | Bailey   | Reached skill level 5 in Poison Magic
  9753 | Bailey   | Reached XP level 11. HP: 89/89 MP: 20/20
  9765 | Bailey   | Found a large runed translucent door.
  9765 | Bailey   | Found a large runed translucent door.
  9766 | Bailey   | Noticed a deep elf pyromancer
  9793 | Bailey   | Noticed an orc knight
  9836 | Bailey   | Killed an orc knight
  9931 | Bailey   | Killed a deep elf pyromancer
  9937 | Bailey   | Identified the +0 pair of boots of Hikhloint {*Corrode
                  | rN+++ Will+}
  9942 | Bailey   | Identified the +1 tower shield "Turolu" {rElec rCorr Dex-5
                  | Slay+4}
 10051 | D:10     | Reached * piety under Ashenzari
 10054 | D:10     | Gained mutation: You are vulnerable to cold. (rC-) [potion
                  | of mutation]
 10054 | D:10     | Gained mutation: You have a pair of small horns on your
                  | head. [potion of mutation]
 10055 | D:10     | Lost mutation: You have a pair of small horns on your head.
                  | [potion of mutation]
 10055 | D:10     | Lost mutation: You are vulnerable to cold. (rC-) [potion of
                  | mutation]
 10055 | D:10     | Gained mutation: You are partially covered in iridescent
                  | scales. (AC +2) [potion of mutation]
 10055 | D:10     | Gained mutation: You are mostly covered in iridescent
                  | scales. (AC +4) [potion of mutation]
 10087 | D:10     | Paralysed by a hornet for 3 turns
 10671 | D:10     | Learned a level 3 spell: Vhi's Electric Charge
 10715 | D:11     | Noticed a cyclops
 10720 | D:11     | Killed a cyclops
 11234 | D:11     | Reached ** piety under Ashenzari
 11457 | D:11     | Found a runed translucent door.
 11459 | D:11     | Noticed suzumiya's ghost (journeyman MiFi)
 11462 | D:11     | Identified the +5 spear "Wubupall" {protect, +Blink rPois
                  | Will- Dex+9}
 11715 | D:12     | Found a flickering gateway to a bazaar.
 11725 | Bazaar   | Entered a bazaar
 11729 | Bazaar   | Found Ofuyrer's Jewellery Boutique.
 11751 | Bazaar   | Found Cih Qaergh's Antique Weapon Emporium.
 11772 | Bazaar   | Found Hitott's Antique Weapon Boutique.
 11792 | Bazaar   | Found Verud's Antique Armour Shoppe.
 11849 | Bazaar   | Bought an ancient war axe for 144 gold pieces
 11849 | Bazaar   | Identified the +8 war axe "Impslayer" {heavy, rC+ rN+ rCorr
                  | MP-9} (You bought it in a shop in a bazaar)
 11907 | D:12     | Found a staircase to the Orcish Mines.
 11984 | D:12     | Reached skill level 7 in Shields
 12080 | D:12     | Noticed a manticore
 12089 | D:12     | Killed a manticore
 12090 | D:12     | Reached XP level 12. HP: 88/102 MP: 25/25
 12275 | D:12     | Noticed a deep elf knight
 12447 | D:13     | Noticed a seven-headed hydra
 12449 | D:13     | Noticed a centaur warrior
 12466 | D:13     | Killed a seven-headed hydra
 12542 | D:13     | Killed a centaur warrior
 12939 | D:13     | Reached skill level 10 in Fighting
 13609 | D:13     | Noticed a centaur warrior
 13614 | D:13     | Killed a centaur warrior
 13626 | D:13     | Reached *** piety under Ashenzari
 13628 | D:13     | Noticed a tengu warrior
 13663 | D:12     | Killed a deep elf knight
 14176 | D:12     | Noticed a six-headed hydra
 14186 | D:12     | Killed a six-headed hydra
 14187 | D:12     | Reached skill level 8 in Shields
 14240 | D:12     | Noticed a centaur warrior
 14251 | D:12     | Killed a centaur warrior
 14301 | D:12     | Noticed a deep troll earth mage
 14301 | D:12     | Noticed a six-headed hydra
 14312 | D:12     | Killed a deep troll earth mage
 14319 | D:12     | Killed a six-headed hydra
 14320 | D:12     | Reached XP level 13. HP: 65/111 MP: 28/28
 15478 | D:12     | Identified Ilikis's Omnibus of the Mausoleum and the Flock
 15511 | D:12     | Learned a level 5 spell: Arcjolt
 15602 | D:12     | Noticed a storm dragon
 15602 | D:12     | Identified the +7 arbalest of Zalufuam {flame, rElec rC+
                  | Will++ Dex-2}
 15604 | D:12     | Noticed an ettin
 16422 | D:12     | Killed an ettin
 16457 | D:12     | Killed a storm dragon
 16508 | D:12     | Noticed a sphinx
 16512 | D:12     | Paralysed by a sphinx for 3 turns
 16525 | D:12     | Killed a sphinx
 16552 | D:12     | Noticed a frost giant
 16585 | D:12     | Killed a frost giant
 16715 | Orc:1    | Entered Level 1 of the Orcish Mines
 16722 | Orc:1    | Noticed an orc warlord
 18111 | D:12     | Reached skill level 10 in Short Blades
 18111 | D:12     | Reached skill level 10 in Dodging
 18366 | Orc:1    | Killed an orc warlord
 18610 | Orc:1    | Found Moosas's General Store.
 18672 | Orc:1    | Reached **** piety under Ashenzari
 18843 | Orc:1    | Found a runed translucent gate.
 18843 | Orc:1    | Found a runed translucent gate.
 18843 | Orc:1    | Found a runed translucent gate.
 18847 | Orc:1    | Noticed mrw3rdna's ghost (novice GrEE)
 18849 | Orc:1    | Identified the +3 chain mail of Jikasmov {rF+}
 18896 | Orc:2    | Entered Level 2 of the Orcish Mines
 18896 | Orc:2    | Found Zuub's Book Shop.
 19314 | Orc:2    | Found Woak's Distillery.
 19622 | Orc:2    | Reached skill level 9 in Shields
 19622 | Orc:2    | Paralysed by an orc sorcerer for 4 turns
 20086 | Orc:2    | Found Susudef's Assorted Antiques.
 20342 | Orc:2    | Found a staircase to the Elven Halls.
 20376 | Orc:2    | Found Betem's Antique Weapon Shoppe.
 20389 | Orc:2    | Found Ycouwk's Weapon Shop.
 20439 | Orc:2    | Found Etzaa's Distillery.
 20525 | Orc:2    | Found Fiwnidd's Antique Weapon Emporium.
 20554 | Orc:2    | Reached XP level 14. HP: 97/123 MP: 22/31
 20643 | Orc:2    | Reached skill level 10 in Invocations
 20702 | Orc:2    | Noticed an orc warlord
 21051 | Orc:2    | Paralysed by an orc sorcerer for 4 turns
 21126 | Orc:2    | Killed an orc warlord
 21275 | Orc:2    | Found Nenki's Antique Armour Shop.
 21280 | Orc:2    | Found Eduapiuh's Antique Weapon Boutique.
 21501 | Orc:2    | Bought a glowing buckler for 127 gold pieces
 21588 | Orc:2    | Learned a level 4 spell: Airstrike
 21594 | Orc:2    | Learned a level 5 spell: Fireball
 21706 | Orc:1    | Killed mrw3rdna's ghost
 22861 | D:11     | Killed suzumiya's ghost
 22995 | Lair:1   | Entered Level 1 of the Lair of Beasts
 23279 | Lair:1   | Reached ***** piety under Ashenzari
 23615 | Lair:1   | Found a transporter.
 23617 | Lair:1   | Found a transporter.
 24304 | Lair:2   | Found a hole to the Spider Nest.
 24951 | Lair:3   | Found a staircase to the Shoals.
 24960 | Lair:3   | Reached skill level 10 in Shields
 25411 | Lair:3   | Reached skill level 10 in Long Blades
 25411 | Lair:3   | Reached skill level 10 in Axes
 25411 | Lair:3   | Reached skill level 10 in Maces & Flails
 25411 | Lair:3   | Reached skill level 10 in Polearms
 25411 | Lair:3   | Reached skill level 10 in Staves
 25411 | Lair:3   | Reached skill level 10 in Ranged Weapons
 25411 | Lair:3   | Reached skill level 10 in Throwing
 25411 | Lair:3   | Reached skill level 10 in Armour
 25411 | Lair:3   | Reached skill level 10 in Unarmed Combat
 25411 | Lair:3   | Reached skill level 10 in Spellcasting
 25411 | Lair:3   | Reached skill level 10 in Evocations
 25791 | Lair:3   | Reached XP level 15. HP: 106/133 MP: 34/34
 26786 | Lair:3   | Learned a level 6 spell: Statue Form
 26821 | Lair:4   | Identified the cursed +0 pair of gloves "Oracle of
                  | Ashenzari" {Melee, Range} (You found it on level 13 of the
                  | Dungeon)
 26821 | Lair:4   | Identified the cursed +0 pair of boots of Ashenzari's Dogma
                  | {Self, Comp} (You found it on level 4 of the Dungeon)
 26821 | Lair:4   | Identified the cursed +4 scale mail of Ashenzari's Sybil
                  | {rF+, Self, Range} (You took it off an orc on level 7 of
                  | the Dungeon)
 27007 | Lair:4   | Found a runed translucent door.
 27008 | Lair:4   | Found a viscous altar of Jiyva.
 27534 | Lair:4   | Found a staircase to the Slime Pits.
 27621 | Lair:5   | Entered Level 5 of the Lair of Beasts
 27646 | Lair:5   | Reached skill level 11 in Shields
 28215 | Lair:5   | Identified the +10 mace "Yntisasch" {drain, rC+ rN+ Dex-5
                  | SInv}
 28587 | Lair:5   | Found a burning altar of Makhleb.
 28662 | Lair:5   | Found a gateway to Hell.
 28662 | Lair:5   | Identified the +4 short sword of Doom {flame, +Blink rPois
                  | rC- Int+2}
 29239 | Lair:4   | Learned a level 6 spell: Dispersal
 29240 | Slime:1  | Entered Level 1 of the Pits of Slime
 29255 | Slime:1  | Noticed a rockslime
 29964 | Spider:1 | Entered Level 1 of the Spider Nest
 29972 | Spider:1 | Found a frozen archway.
 30002 | IceCv    | Entered an ice cave
 30450 | IceCv    | Found the +8 frozen axe "Frostbite" {freeze, freezing
                  | cloud, *Noise Fly rC+}
 30692 | IceCv    | Reached XP level 16. HP: 138/138 MP: 34/34
 30979 | IceCv    | Noticed an Ice Fiend
 30979 | IceCv    | Noticed an Ice Fiend
 31059 | IceCv    | Killed an Ice Fiend
 31060 | IceCv    | Reached skill level 12 in Shields
 31075 | IceCv    | Killed an Ice Fiend
 31307 | IceCv    | Gained mutation: You are vulnerable to heat. (rF-) [a
                  | neqoxec]
 33129 | Shoals:1 | Entered Level 1 of the Shoals
 33269 | Shoals:1 | Identified the cursed +1 robe of Ashenzari's Sophism
                  | {Archmagi, Melee, Alch} (You took it off an orc wizard on
                  | level 2 of the Orcish Mines)
 33536 | Shoals:1 | Noticed Jorgrun
 34189 | Shoals:2 | Killed Jorgrun
 34340 | Shoals:2 | Learned a level 4 spell: Leda's Liquefaction
 34392 | Shoals:2 | Reached skill level 13 in Shields
 34477 | Shoals:2 | Identified the +0 ring mail of Insecurity {Drain +Inv rCorr
                  | Str-4}
 35202 | Shoals:3 | Found Rotseusu's Book Shop.
 35825 | Shoals:2 | Reached XP level 17. HP: 145/148 MP: 25/36
 36648 | Shoals:4 | Entered Level 4 of the Shoals
 36656 | Shoals:4 | Paralysed by an air elemental for 1 turns
 36689 | Shoals:4 | Reached skill level 10 in Conjurations
 36689 | Shoals:4 | Reached skill level 10 in Hexes
 36689 | Shoals:4 | Reached skill level 10 in Summonings
 36689 | Shoals:4 | Reached skill level 10 in Necromancy
 36689 | Shoals:4 | Reached skill level 10 in Translocations
 36689 | Shoals:4 | Reached skill level 10 in Transmutations
 36689 | Shoals:4 | Reached skill level 10 in Fire Magic
 36689 | Shoals:4 | Reached skill level 10 in Ice Magic
 36689 | Shoals:4 | Reached skill level 10 in Air Magic
 36689 | Shoals:4 | Reached skill level 10 in Earth Magic
 36689 | Shoals:4 | Reached skill level 10 in Poison Magic
 36909 | Shoals:4 | Paralysed by an air elemental for 1 turns
 36995 | Shoals:4 | Paralysed by an air elemental for 1 turns
 36997 | Shoals:4 | Paralysed by an air elemental for 1 turns
 37081 | Shoals:4 | Reached skill level 15 in Stealth
 38157 | Shoals:4 | Paralysed by an air elemental for 1 turns
 38161 | Shoals:4 | Paralysed by an air elemental for 1 turns
 38200 | Shoals:4 | Paralysed by an air elemental for 1 turns
 38213 | Shoals:4 | Reached skill level 14 in Shields
 38214 | Shoals:4 | Paralysed by an air elemental for 1 turns
 38513 | Shoals:4 | Got a barnacled rune of Zot
 38654 | Shoals:4 | Noticed Kirke
 38788 | Shoals:4 | Paralysed by an air elemental for 1 turns
 38790 | Shoals:4 | Paralysed by an air elemental for 1 turns
 38887 | Shoals:3 | Identified the cursed +1 cloak "Ensconced Discomfort"
                  | {Self, Evo} (You found it on level 1 of the Dungeon)
 38887 | Shoals:3 | Identified the cursed +0 buckler of the Cryptic Servitude
                  | {AC+3, Alch, Self} (You bought it in a shop on level 2 of
                  | the Orcish Mines)
 38887 | Shoals:3 | Identified the cursed ring "Behold Eternity" {EV+5, Self,
                  | Range} (You found it on level 4 of the Dungeon)
 40444 | Spider:3 | Reached XP level 18. HP: 159/159 MP: 24/39
 40745 | Spider:3 | Noticed Arachne
 40751 | Spider:3 | Noticed Aizul
 41152 | Spider:3 | Killed Arachne
 41339 | Spider:3 | Killed Aizul
 41408 | Spider:3 | Gained mutation: Your muscles are strong. (Str +4, Int/Dex
                  | -1) [mutagenic glow]
 41447 | Spider:2 | Gained mutation: Your magical capacity is low. (-10% MP)
                  | [mutagenic glow]
 41737 | Spider:3 | Gained mutation: You occasionally lose the ability to drink
                  | potions when taking damage. [mutagenic glow]
 41738 | Spider:3 | Reached skill level 15 in Shields
 42182 | Spider:4 | Entered Level 4 of the Spider Nest
 42627 | Spider:4 | Identified the +6 flail of Tartarus {elec, rF+ Str+3
                  | Stlth+}
 43526 | Spider:4 | Learned a level 6 spell: Summon Cactus Giant
 44587 | Spider:4 | Got a gossamer rune of Zot
 44611 | Spider:4 | Lost mutation: You occasionally lose the ability to drink
                  | potions when taking damage. [potion of mutation]
 44611 | Spider:4 | Lost mutation: Your magical capacity is low. (-10% MP)
                  | [potion of mutation]
 44611 | Spider:4 | Lost mutation: Your muscles are strong. (Str +4, Int/Dex
                  | -1) [potion of mutation]
 46583 | Orc:2    | Bought a polished rapier for 279 gold pieces
 46583 | Orc:2    | Identified the +6 rapier "Gist" {spect, MP+9} (You bought
                  | it in a shop on level 2 of the Orcish Mines)
 46647 | Elf:1    | Entered Level 1 of the Elven Halls
 46742 | Orc:2    | Reached XP level 19. HP: 149/165 MP: 9/40
 47015 | Elf:1    | Found Laehua's Weapon Shop.
 47194 | Elf:1    | Identified Roxanne's Opusculum on Silt
 47194 | Elf:1    | Noticed Roxanne
 47281 | Elf:1    | Killed Roxanne
 47429 | Elf:1    | Reached skill level 16 in Shields
 47932 | Elf:1    | Noticed Donald
 47942 | Elf:1    | Killed Donald
 48265 | Elf:1    | Noticed Azrael
 48277 | Elf:1    | Killed Azrael
 48319 | Elf:1    | Identified the Guidebook on Conjuration
 49455 | Elf:2    | Reached skill level 15 in Fighting
 49671 | Elf:2    | Found a runed translucent gate.
 49671 | Elf:2    | Found a runed translucent gate.
 49671 | Elf:2    | Found a runed translucent gate.
 50271 | Elf:2    | Identified the +0 leather armour of Servitude {rPois rCorr}
 50782 | Elf:2    | Reached skill level 15 in Invocations
 51408 | Elf:2    | Learned a level 8 spell: Ignition
 51411 | Elf:3    | Entered Level 3 of the Elven Halls
 51414 | Elf:3    | Found a flickering gateway to a bazaar.
 51422 | Bazaar   | Entered a bazaar
 51442 | Bazaar   | Found Loucumug's Magic Scroll Emporium.
 51472 | Bazaar   | Found Cutankay's Jewellery Boutique.
 51519 | Bazaar   | Found Reoziraf's Book Emporium.
 51549 | Bazaar   | Found Susuymox's Book Emporium.
 52231 | Elf:3    | Reached XP level 20. HP: 174/174 MP: 14/42
 52740 | Abyss:3  | Cast into level 3 of the Abyss (a deep elf sorcerer)
 52755 | Abyss:3  | Learned a level 4 spell: Passage of Golubria
 52765 | Abyss:3  | Found a corrupted altar of Lugonu.
 52878 | Abyss:3  | Found a corrupted altar of Lugonu.
 52880 | Abyss:3  | Noticed a pearl dragon
 52918 | Abyss:3  | Found a corrupted altar of Lugonu.
 53014 | Elf:3    | Escaped the Abyss
 53258 | Elf:3    | Reached skill level 17 in Shields
 53278 | Abyss:3  | Cast into level 3 of the Abyss (a deep elf demonologist)
 53339 | Elf:3    | Escaped the Abyss
 53360 | Abyss:3  | Cast into level 3 of the Abyss (a deep elf sorcerer)
 53383 | Abyss:3  | Noticed a hellephant
 53403 | Abyss:3  | Found a corrupted altar of Lugonu.
 53412 | Abyss:3  | Killed from afar by a hellephant

Illustrated notes

Levels and vault maps discovered:
D:1:      lordsloth_arrival_two_stooges, layout_loops_ring,
          amcnicky_mini_pool_small
D:2:      layout_basic, basic_altar, uniq_natasha
D:3:      layout_loops_ring, grunt_gozag_breadcrumbs,
          nicolae_ru_sacrificial_ziggurat, chequers_temple_overflow_minitemple,
          uniq_jessica
D:4:      layout_layer_cave, lemuel_doored_altar, elyvilon_altar_3,
          serial_shops, nicolae_shop_pleasant_corner_grove, shop,
          shop_fountains, nicolae_shop_window_shopping,
          gammafunk_ghost_necromancy, uniq_eustachio, uniq_menkaure
D:5:      layout_cave_pools, zin_treasury, serial_column_ruins,
          column_ruins_square_large, column_ruins_columns_straight,
          column_ruins_grid_1, column_ruins_open_tiny, column_ruins_open_tiny,
          column_ruins_open_tiny, column_ruins_grid_4,
          kennysheep_generic_room_10
D:6:      layout_cave_pods, minmay_temple_entry_trees, serial_shops,
          nicolae_shop_tiny_statue_garden, uniq_duvessa, uniq_edmund
D:7:      layout_rooms
D:8:      layout_loops_corners, serial_bayou_pond_d,
          nicolae_kite_square_tiling_tiny, uniq_maurice, uniq_psyche,
          uniq_gastronok
D:9:      layout_basic, dpeg_oklobed_lair
D:10:     layout_loops_ring, enter_bailey_2
D:11:     layout_basic, ebering_ghost_funeral_grove
D:12:     minmay_tearing_corner, layout_irregular_city,
          kennysheep_orc_monster_closet_entryway, serial_shops, bzr_entry_water
D:13:     layout_basic, special_room [special_room_bee]
D:14:     layout_irregular_city, ximxim_vaults_locker_room, enter_trove_6,
          minivault_27, nicolae_hepliaklqana_hippocampus
Temple:   nicolae_temple_great_sept
Lair:1:   gammafunk_boulding_lane, layout_long_grid, lemuel_fruit_tree,
          grunt_megastairs_2
Lair:2:   layout_roguey, spider_nest_entry_a, minivault_11, lemuel_fruit_fields
Lair:3:   nzn_winding_woodlands_huge [nzn_winding_woodlands_5x15_pool,
          nzn_winding_woodlands_5x15_zeroes, nzn_winding_woodlands_5x15_cabin,
          nzn_winding_woodlands_5x15_sidewinder,
          nzn_winding_woodlands_5x15_default,
          nzn_winding_woodlands_5x15_river_crossing,
          nzn_winding_woodlands_5x15_concentric,
          nzn_winding_woodlands_5x15_longhouse,
          nzn_winding_woodlands_5x15_default, nzn_winding_woodlands_5x15_parted,
          nzn_winding_woodlands_center_garden,
          nzn_winding_woodlands_center_triple_pond,
          nzn_winding_woodlands_15x15_boxy_spiral], layout_loops_ring,
          nicolae_shoals_entry_roost
Lair:4:   layout_regular_city, slime_entry_2, serial_bayou_shore_b
Lair:5:   evil_forest, layout_layer_cave, grunt_megastairs_4
Shoals:1: argonaut_golden_fleece, layout_shoals, uniq_jorgrun
Shoals:2: layout_shoals, kb_tengu_band
Shoals:3: layout_shoals, serial_shops, shop
Shoals:4: shoals_end_hellmonk_storm_palace [storm_palace_center_circular,
          storm_palace_corner_blocked, storm_palace_corner_reverse_hut,
          storm_palace_corner_reverse_hut, storm_palace_corner_pillars],
          uniq_kirke, uniq_polyphemus
Spider:1: layout_spider_delve, portal_ice_cave_entry_frozen_things,
          hangedman_spider_tarantella_strand
Spider:2: layout_spider_delve, special_room, nicolae_spider_circle_web
Spider:3: layout_spider_delve, nicolae_arachne_temple, uniq_aizul
Spider:4: hellmonk_spider_rune_endless_swarm
Slime:1:  layout_caves
Orc:1:    layout_caves, serial_shops, nicolae_shop_competitors_out_of_business,
          biasface_ghost_orc_armoury
Orc:2:    grunt_orc_community_town_hall, layout_caves,
          grunt_orc_community_big_house_2, grunt_orc_community_big_house_1,
          grunt_orc_community_house_2, grunt_orc_community_house_3,
          grunt_orc_community_house_1, grunt_orc_community_house_3,
          serial_shops, shop, nicolae_lakefront_shop,
          nicolae_shop_tiny_waterfront, shop, shop
Elf:1:    nicolae_elf_arrival_fired_up, layout_loops_corners, serial_shops,
          shop, minmay_elf_sorcery, uniq_donald, uniq_azrael, uniq_roxanne
Elf:2:    nicolae_elf_blades_splatter_lattice
          [nicolae_blade_entry_hurt_lockers], layout_loops_cross,
          portal_desolation_entry_nicolae_forbidding_blocks
Elf:3:    minmay_elf_hall_furrowed, layout_geoelf_octagon, serial_shops,
          bzr_entry_lakeside
Abyss:3:  base: Zot:1, hangedman_decor_peaks_small,
          nicolae_abyss_rune_star_stuff, small_statue_intersection,
          minivault_13, evilmike_abyss_exit_12,
          guppyfry_abyss_exit_spiral_guarded, minivault_13, base: D:4, base:
          Zot:3, gammafunk_abyss_exit_x_factor

Skill      XL: |  1  2  3  4  5  6  7  8  9 10 11 12 13 14 15 16 17 18 19 20 |
---------------+-------------------------------------------------------------+-----
Stealth        | 10 11 12 13 14 15 16 | 16.6
Invocations    | 1 2 3 4 5 6 7 8 9 10 11 12 13 14 15 | 15.1
Long Blades    | 1 2 3 4 5 6 7 8 9 10 11 12 13 14 | 14.0
Axes           | 1 2 3 4 5 6 7 8 9 10 11 12 13 14 | 14.0
Maces & Flails | 1 2 3 4 5 6 7 8 9 10 11 12 13 14 | 14.0
Polearms       | 1 2 3 4 5 6 7 8 9 10 11 12 13 14 | 14.0
Staves         | 1 2 3 4 5 6 7 8 9 10 11 12 13 14 | 14.0
Ranged Weapons | 1 2 3 4 5 6 7 8 9 10 11 12 13 14 | 14.0
Throwing       | 1 2 3 4 5 6 7 8 9 10 11 12 13 14 | 14.0
Armour         | 1 2 3 4 5 6 7 8 9 10 11 12 13 14 | 14.0
Shields        | 1 2 3 4 5 6 7 8 9 10 11 13 14 15 16 17 | 17.0
Unarmed Combat | 1 2 3 4 5 6 7 8 9 10 11 12 13 14 | 14.0
Spellcasting   | 1 2 3 4 5 6 7 8 9 10 11 12 13 14 | 14.0
Conjurations   | 1 2 3 4 5 6 7 8 9 10 11 | 11.8
Hexes          | 1 2 3 4 5 6 7 8 9 10 11 | 11.8
Summonings     | 1 2 3 4 5 6 7 8 9 10 11 | 11.8
Necromancy     | 1 2 3 4 5 6 7 8 9 10 11 | 11.8
Translocations | 1 2 3 4 5 6 7 8 9 10 11 | 11.8
Transmutations | 1 2 3 4 5 6 7 8 9 10 11 | 11.8
Fire Magic     | 1 2 3 4 5 6 7 8 9 10 11 | 11.8
Ice Magic      | 1 2 3 4 5 6 7 8 9 10 11 | 11.8
Air Magic      | 1 2 3 4 5 6 7 8 9 10 11 | 11.8
Earth Magic    | 1 2 3 4 5 6 7 8 9 10 11 | 11.8
Poison Magic   | 1 2 3 4 5 6 7 8 9 10 11 | 11.8
Evocations     | 1 2 3 4 5 6 7 8 9 10 11 12 13 14 | 14.0
Short Blades   | 5 6 7 8 9 10 11 12 13 14 | 14.6
Dodging        | 5 6 7 8 9 10 11 12 13 14 | 14.6
Fighting       | 7 8 9 10 11 12 13 14 15 | 15.3

Action                     |  1- 3 |  4- 6 |  7- 9 | 10-12 | 13-15 | 16-18 | 19-21 || total
---------------------------+-------+-------+-------+-------+-------+-------+-------++-------
  Melee: Short sword       |     9 |       |       |       |       |       |       ||     9
         Dagger            |     1 |   175 |    33 |       |       |       |       ||   209
         Bite              |       |    16 |     7 |    25 |   108 |    81 |    52 ||   289
         Punch             |       |     2 |       |       |     5 |     5 |       ||    12
         Sling             |       |       |       |     5 |       |       |       ||     5
         Flail             |       |       |       |   106 |   180 |    32 |       ||   318
         War axe           |       |       |       |   100 |   621 |   602 |   402 ||  1725
   Fire: Sling             |       |       |   244 |   496 |   451 |  1179 |   108 ||  2478
         Arbalest          |       |       |       |       |    58 |    44 |       ||   102
   Cast: Hailstorm         |       |       |       |     1 |    13 |       |       ||    14
         Swiftness         |       |       |       |     2 |     1 |     3 |     1 ||     7
         Vhi's Electric Ch |       |       |       |       |     1 |       |       ||     1
         Arcjolt           |       |       |       |       |     4 |     9 |       ||    13
         Fireball          |       |       |       |       |     3 |    35 |     9 ||    47
         Statue Form       |       |       |       |       |    13 |   116 |    42 ||   171
         Dispersal         |       |       |       |       |     3 |     3 |     1 ||     7
         Leda's Liquefacti |       |       |       |       |       |    30 |    16 ||    46
         Summon Cactus Gia |       |       |       |       |       |     3 |     7 ||    10
         Airstrike         |       |       |       |       |       |     2 |     4 ||     6
         Passage of Golubr |       |       |       |       |       |       |     1 ||     1
 Invoke: Curse Item        |       |       |       |     5 |     3 |     2 |     1 ||    11
         Shatter the Chain |       |       |       |       |     2 |       |       ||     2
  Evoke: Wand              |       |       |       |     2 |     4 |     1 |       ||     7
    Use: Scroll            |       |       |       |     1 |     2 |     6 |     7 ||    16
         Potion            |       |       |       |     6 |     9 |     2 |     7 ||    24
   Stab: Sleeping          |     4 |    29 |     3 |       |    16 |       |     4 ||    56
         Distracted        |       |     1 |       |       |       |     1 |     1 ||     3
 Armour: Leather armour    |     1 |    16 |    24 |       |       |       |       ||    41
         Scale mail        |       |       |     4 |   244 |   305 |       |       ||   553
         Skin              |       |       |       |       |    98 |   880 |   216 ||  1194
         Robe              |       |       |       |       |     5 |    60 |    21 ||    86
  Dodge: Dodged            |     1 |    71 |    78 |   503 |  1033 |  2380 |   505 ||  4571
  Block: Buckler           |       |    14 |    20 |   190 |   396 |   864 |   252 ||  1736
